 Dungeon Crawl Stone Soup version 0.27-a0-1122-g2a214b436d (webtiles) character file.

Game seed: 5036740591566181717

596 DarkShadow the Covered (level 7, -1/60 HPs)
             Began as a Minotaur Fighter on May 3, 2021.
             Succumbed to a scorpion's poison
             ... on level 5 of the Dungeon.
             The game lasted 00:06:33 (3301 turns).

DarkShadow the Covered (Minotaur Fighter)           Turns: 3301, Time: 00:06:33

Health: -1/60      AC:  7    Str: 23    XL:     7   Next: 17%
Magic:  6/6        EV:  8    Int:  5    God:
Gold:   129        SH: 10    Dex:  9    Spells: 6/6 levels left

rFire    . . .     SeeInvis .   a - +0 long sword
rCold    . . .     Faith    .   c - +0 kite shield
rNeg     . . .     Spirit   .   b - +0 scale mail
rPois    .         Reflect  .   (helmet restricted)
rElec    .         Harm     .   (no cloak)
rCorr    .         Rampage  .   (no gloves)
Will     .....                  (no boots)
Stlth    ..........             (no amulet)
HPRegen  0.20/turn              (no ring)
MPRegen  0.10/turn              (no ring)

@: lethally poisoned (-1 -> -13)
A: horns 2, retaliatory headbutt
a: no special abilities


You were on level 5 of the Dungeon.
You visited 1 branch of the dungeon, and saw 5 of its levels.

You collected 129 gold pieces.

Inventory:

Hand Weapons
 a - a +0 long sword (weapon)
Missiles
 f - 6 curare-tipped darts (quivered)
Armour
 b - a +0 scale mail (worn)
 c - a +0 kite shield (worn)
Jewellery
 g - a ring of resist corrosion
Scrolls
 j - a scroll of magic mapping
Potions
 d - a potion of might
 e - 3 potions of magic
 k - 3 potions of curing


   Skills:
 + Level 4.9 Fighting
 + Level 5.8 Long Blades
 + Level 5.8 Armour
 + Level 1.6 Dodging
 + Level 0.2 Stealth
 + Level 5.6 Shields


You had 6 spell levels left.
You didn't know any spells.
Your spell library was empty.

Dungeon Overview and Level Annotations

Branches:
Dungeon (5/15)
 Temple: D:4-7

Altars:
Hepliaklqana
Ru
The Shining One


Innate Abilities, Weirdness & Mutations

You have a pair of horns on your head.
You reflexively headbutt those who attack you in melee.


Message History

The scorpion is moderately wounded.
The scorpion stings you but does no damage.
The scorpion stings you.
You are poisoned.
The scorpion poisons you!
You slash the scorpion! Your headbutt misses the scorpion.
The scorpion is almost dead.
You feel very sick.
The scorpion stings you but does no damage.
You hit the scorpion but do no damage.
The scorpion is almost dead.
You feel sick. You block the scorpion's attack. The scorpion stings you.
You barely miss the scorpion. You headbutt the scorpion.
The scorpion is almost dead.
You feel sick. You block the scorpion's attack.
Your scale mail prevents you from hitting the scorpion.
Your headbutt misses the scorpion.
The scorpion is almost dead.
You feel sick. You block the scorpion's attack. The scorpion stings you.
You are more poisoned.
The scorpion poisons you!
You hit the scorpion.
The scorpion is almost dead.
You feel very sick. The scorpion stings you!
* * * LOW HITPOINT WARNING * * *
The scorpion stings you.
* * * LOW HITPOINT WARNING * * *
You are lethally poisoned!
The scorpion poisons you!
You closely miss the scorpion.
The scorpion is almost dead.
* * * LOW HITPOINT WARNING * * *
You feel extremely sick. The scorpion barely misses you.
You hit the scorpion.
You kill the scorpion!
* * * LOW HITPOINT WARNING * * *
You feel very sick.
You die... .############# .......@...)<# ##############

There were no monsters in sight!

Vanquished Creatures
  A centaur (D:5)
  2 scorpions
  A water moccasin zombie (D:5)
  A howler monkey (D:4)
  A hound (D:4)
  An iguana (D:4)
  2 orc wizards
  Natasha (thrice) (D:2)
  3 adders
  An adder skeleton (D:4)
  3 worms
  5 orcs
  3 endoplasms
  3 giant cockroaches
  6 hobgoblins
  5 jackals
  8 kobolds
  4 quokkas
  7 ball pythons
  5 bats
  2 frilled lizards
  7 goblins
  6 rats
80 creatures vanquished.

Notes
Turn   | Place    | Note
-------+----------+-------------------------------------------
     0 | D:1      | DarkShadow the Minotaur Fighter began the quest for the
                  | Orb.
     0 | D:1      | Reached XP level 1. HP: 19/19 MP: 0/0
   161 | D:1      | Reached XP level 2. HP: 27/27 MP: 1/1
   176 | D:1      | Found a faded altar of an unknown god.
   769 | D:2      | Noticed Natasha
   773 | D:2      | Killed Natasha
   774 | D:2      | Reached XP level 3. HP: 21/33 MP: 2/2
   991 | D:2      | Noticed Natasha
   999 | D:2      | Killed Natasha
  1000 | D:2      | Reached XP level 4. HP: 31/40 MP: 3/3
  1138 | D:2      | Noticed Natasha
  1147 | D:2      | Killed Natasha
  1873 | D:3      | Found a sacrificial altar of Ru.
  1882 | D:3      | Reached XP level 5. HP: 47/47 MP: 4/4
  2104 | D:3      | Found a glowing golden altar of the Shining One.
  2233 | D:3      | Found a faded altar of an unknown god.
  2233 | D:3      | Found a faded altar of an unknown god.
  2233 | D:3      | Found a hazy altar of Hepliaklqana.
  2235 | D:3      | Found a faded altar of an unknown god.
  2238 | D:3      | Reached skill level 1 in Dodging
  2238 | D:3      | Reached skill level 5 in Shields
  2689 | D:3      | Reached skill level 5 in Armour
  2818 | D:4      | Reached XP level 6. HP: 46/53 MP: 5/5
  2968 | D:4      | Reached skill level 5 in Long Blades
  3223 | D:5      | Entered Level 5 of the Dungeon
  3248 | D:5      | Reached XP level 7. HP: 34/60 MP: 6/6
  3300 | D:5      | HP: 1/60 [poisoned by a scorpion]
  3301 | D:5      | Succumbed to a scorpion's poison

Illustrated notes

Levels and vault maps discovered:
D:1:      dpeg_arrival_lava_temple_mockup, layout_loops_cross,
          shapermc_ecumenical_altar_totnotflames, item_on_display_a
D:2:      layout_rooms, kennysheep_generic_room_13, uniq_natasha
D:3:      wander_river, layout_basic, nicolae_tso_carved_into_rock,
          nicolae_ru_sacrificial_ziggurat,
          nicolae_hepliaklqana_ecumenical_no_more
D:4:      kennysheep_the_goblin_king, layout_rooms
D:5:      lemuel_castle_with_subvaults [lemuel_castle_interior_carwin_1],
          layout_basic, grunt_gozag_statues, serial_shops, shop,
          uniq_prince_ribbit1

Skill      XL: |  1  2  3  4  5  6 |
---------------+-------------------+-----
Fighting       | 4 |  4.9
Shields        | 4 5 |  5.6
Long Blades    | 3 4 5 |  5.8
Armour         | 4 5 |  5.8
Dodging        | 1 |  1.6
Stealth        | |  0.2

Action                   |  1- 3 |  4- 6 |  7- 9 || total
-------------------------+-------+-------+-------++-------
Melee: Long sword        |    50 |   155 |     8 ||   213
       Headbutt          |     8 |    20 |     1 ||    29
  Use: Scroll            |       |     8 |       ||     8
Armor: Scale mail        |    19 |    71 |     2 ||    92
Dodge: Dodged            |    14 |    47 |     1 ||    62
Block: Kite shield       |    25 |    84 |     4 ||   113
       Rpst.: Long sword |     5 |    13 |       ||    18

Table legend: (Time is in decaauts)
 A = Elapsed time spent in this place.
 B = Non-inter-level travel time spent in this place.
 C = Inter-level travel time spent in this place.
 D = Time resting spent in this place.
 E = Time spent auto-exploring this place.
 F = Levels seen in this place.
 G = Mean time per level.
                   A        B        C        D        E       F      G
               +--------+--------+--------+--------+--------+-----+--------+
         Total |   3401 |   3358 |     43 |    695 |   2088 |   5 |  680.2 |
       Dungeon |   3401 |   3358 |     43 |    695 |   2088 |   5 |  680.2 |
               +--------+--------+--------+--------+--------+-----+--------+

Top non-repeatable levels by time:
     D:3: 1057 daAuts
     D:2: 1037 daAuts
     D:1: 768 daAuts
     D:4: 449 daAuts
     D:5: 88 daAuts
